 Dungeon Crawl Stone Soup version 0.28-b1-1-g3c77fb2ed1 (webtiles) character file.

Game seed: 13766212135106722146

352 Minsecho the Chucker (level 6, 0/59 HPs)
             Began as an Ogre Arcane Marksman on Jan 30, 2022.
             Slain by a gnoll shaman (5 damage)
             ... on level 4 of the Dungeon.
             The game lasted 00:12:37 (5917 turns).

Minsecho the Chucker (Ogre Arcane Marksman)         Turns: 5917, Time: 00:12:38

Health: 0/59       AC:  3    Str: 15    XL:     6   Next: 61%
Magic:  10/10      EV: 14    Int: 14    God:
Gold:   123        SH:  0    Dex: 11    Spells: 9/10 levels left

rFire   . . .      SeeInvis .   j - +0 flail
rCold   . . .      Faith    .   (no shield)
rNeg    . . .      Spirit   .   a - +0 robe
rPois   .          Reflect  .   (helmet restricted)
rElec   .          Harm     .   (no cloak)
rCorr   .          Rampage  .   (gloves unavailable)
Will    .....                   (boots unavailable)
Stlth   +.........              (no amulet)
HPRegen 0.19/turn               e - +4 ring of evasion
MPRegen 0.12/turn               (no ring)

@: lit by a corona, glowing
A: large, unfitting armour, tough skin 1
a: no special abilities


You were on level 4 of the Dungeon.
You visited 1 branch of the dungeon, and saw 4 of its levels.

You collected 123 gold pieces.

Inventory:

Hand Weapons
 j - a +0 flail (weapon)
Missiles
 b - 2 large rocks
 c - a throwing net
 d - 71 stones (quivered)
Armour
 a - a +0 robe (worn)
Jewellery
 e - a +4 ring of evasion (left hand)
Scrolls
 f - a scroll of blinking {unknown}
 g - a scroll of identify {unknown}
 h - 2 scrolls of enchant weapon {unknown}
 k - a scroll of teleportation {unknown}
 o - a scroll of fear {unknown}
Potions
 l - a potion of berserk rage {unknown}
 m - 2 potions of magic {unknown}
 n - a potion of flight {unknown}
 p - a potion of brilliance {unknown}


   Skills:
 + Level 2.6 Fighting
 + Level 1.6 Maces & Flails
 + Level 4.3 Throwing
 + Level 2.7 Dodging
 - Level 0.4 Stealth
 + Level 2.6 Spellcasting
 + Level 3.5 Hexes


You had 9 spell levels left.
You knew the following spells:

 Your Spells              Type           Power      Damage    Failure   Level
a - Slow                  Hex            44%        N/A       4%          1

Your spell library contained the following spells:

 Spells                   Type           Power      Damage    Failure   Level
 Static Discharge         Conj/Air       1%         N/A       32%         2
 Inner Flame              Hex/Fire       6%         N/A       32%         3
 Portal Projectile        Hex/Tloc       12%        N/A       32%         3
 Cause Fear               Hex            5%         N/A       45%         4
 Spider Form              Tmut/Pois      1%         N/A       54%         3
 Borgnjor's Vile Clutch   Necr/Erth      0%         N/A       99%         5
 Lightning Bolt           Conj/Air       0%         1d11      99%         5
 Maxwell's Capacitive Co  Air            0%         ∞         100%        8


Dungeon Overview and Level Annotations

Branches:
Dungeon (4/15)
 Temple: D:4-7

Altars:
Gozag
Hepliaklqana
Kikubaaqudgha
Ru

Shops:
D:1 (


Innate Abilities, Weirdness & Mutations

You are too large for most types of armour.
You have tough skin. (AC +1)


Message History

The gnoll shaman is almost dead.
The gnoll closely misses you. The gnoll shaman closely misses you.
The gnoll hits you from afar with a +0 spear.
You hit the gnoll shaman but do no damage.
Your punch misses the gnoll shaman.
The gnoll shaman is almost dead.
The gnoll hits you but does no damage. The gnoll shaman barely misses you.
The gnoll hits you from afar with a +0 spear.
You hit the gnoll shaman but do no damage.
The gnoll shaman is almost dead.
The gnoll hits you from afar with a +0 spear.
The gnoll shaman utters an invocation to its god.
The gnoll shaman is healed somewhat.
The gnoll barely misses you.
You closely miss the gnoll shaman.
The gnoll shaman is severely wounded.
The gnoll hits you from afar with a +0 spear.
The gnoll shaman prays to its god.
The gnoll shaman is healed somewhat.
The gnoll hits you from afar with a +0 spear.
* * * LOW HITPOINT WARNING * * *
You feel much better.
The gnoll hits you from afar with a +0 spear.
The gnoll shaman hits you with a +0 whip!
You hit the gnoll shaman but do no damage.
The gnoll shaman is heavily wounded.
The gnoll hits you from afar with a +0 spear!
* * * LOW HITPOINT WARNING * * *
The gnoll hits you from afar with a +0 spear.
* * * LOW HITPOINT WARNING * * *
The gnoll shaman hits you with a +0 whip.
* * * LOW HITPOINT WARNING * * *
Throw: 3 large rocks
Press: ? - help, Q - select action, (/) - cycle Shift-Dir - straight line, f/p - gnoll shaman
Aim: a gnoll shaman, wielding a +0 whip and wearing a +0 robe (heavily wounded, slow, 63% to hit)
You throw a large rock. The large rock hits the gnoll shaman!
The gnoll shaman is almost dead.
The gnoll shaman is no longer moving slowly.
The gnoll closely misses you. The gnoll barely misses you.
The gnoll shaman hits you with a +0 whip.
You die...

... #.....#.........#.
.... #.....#.........#.
... #.....#.........#.
... #.##.####.####.##.
####'##########.#######)
#............#..........
#............#..........
'............#..........
#######@####.####.######
#g# #.####'##....
.....(g....#............
.g....#....#[...........
...g..#....#............
..... ###########'######
##### ###.##...#
#........# #........#


You could see a gnoll shaman and a gnoll (fast).

Vanquished Creatures
  2 hounds (D:4)
  An orc priest (D:3)
  An iguana (D:4)
  Jessica (D:3)
  Terence (D:3)
  A hound skeleton (D:4)
  Robin (D:2)
  3 adders
  5 gnolls
  An adder skeleton (D:4)
  A worm (D:2)
  8 orcs
  5 endoplasms
  5 giant cockroaches
  7 hobgoblins
  4 jackals (D:2)
  4 quokkas
  5 ball pythons
  2 bats (D:1)
  2 frilled lizards
  14 goblins
74 creatures vanquished.

Vanquished Creatures (others)
  A human (D:3)
1 creature vanquished.

Grand Total: 75 creatures vanquished

Notes
Turn   | Place    | Note
-------+----------+-------------------------------------------
     0 | D:1      | Minsecho the Ogre Arcane Marksman began the quest for the
                  | Orb.
     0 | D:1      | Reached XP level 1. HP: 19/19 MP: 2/2
   514 | D:1      | Found Cely's Antique Weapon Emporium.
   595 | D:1      | Reached XP level 2. HP: 20/27 MP: 3/3
  1851 | D:1      | Reached XP level 3. HP: 29/33 MP: 5/5
  2281 | D:2      | Got the Papyrus of Noxious Stones
  2396 | D:2      | Found a faded altar of an unknown god.
  3226 | D:3      | Reached skill level 3 in Throwing
  3226 | D:3      | Reached XP level 4. HP: 42/42 MP: 6/6
  3860 | D:3      | Reached XP level 5. HP: 40/49 MP: 7/7
  4130 | D:3      | Noticed Robin
  4215 | D:2      | Killed Robin
  4655 | D:3      | Noticed Jessica
  4662 | D:3      | Killed Jessica
  4663 | D:3      | Reached skill level 4 in Throwing
  4730 | D:3      | Noticed Terence
  4732 | D:3      | Killed Terence
  4773 | D:3      | Found a hazy altar of Hepliaklqana.
  4798 | D:3      | Found an ancient bone altar of Kikubaaqudgha.
  4801 | D:3      | Noticed a human
  4804 | D:3      | Killed a human
  5084 | D:3      | Reached XP level 6. HP: 40/58 MP: 9/9
  5236 | D:4      | Reached skill level 1 in Maces & Flails
  5387 | D:4      | Found an opulent altar of Gozag.
  5823 | D:4      | Found a sacrificial altar of Ru.
  5917 | D:4      | Slain by a gnoll shaman

Illustrated notes

Levels and vault maps discovered:
D:1:      minmay_arrival_shattered_statue, layout_loops_corners, serial_shops,
          shop, grunt_decor_one_mirror, minmay_tetromino_t4
D:2:      layout_basic, shapermc_ecumenical_altar_ellora
D:3:      layout_basic, tgw_kikubaaqudgha, lemuel_crystal_altar, uniq_robin,
          uniq_terence, uniq_jessica
D:4:      layout_gridville, mainiacjoe_overflow_brackets,
          nicolae_ru_path_of_blood

Skill      XL: |  1  2  3  4  5  6 |
---------------+-------------------+-----
Hexes          | 3 |  3.5
Dodging        | 2 |  2.7
Throwing       | 3 4 |  4.3
Fighting       | 2 |  2.6
Spellcasting   | 2 |  2.6
Maces & Flails | 1 |  1.6
Stealth        | |  0.4

Action                   |  1- 3 |  4- 6 || total
-------------------------+-------+-------++-------
Melee: Unarmed           |    29 |       ||    29
       Punch             |     1 |     1 ||     2
       Flail             |       |   124 ||   124
Throw: Stone             |   177 |   106 ||   283
       Large rock        |    14 |    16 ||    30
       Throwing net      |     2 |       ||     2
 Cast: Slow              |    10 |    21 ||    31
  Use: Potion            |     1 |     1 ||     2
 Stab: Sleeping          |       |     1 ||     1
Armor: Robe              |    34 |    19 ||    53
Dodge: Dodged            |    87 |   166 ||   253
